 Dungeon Crawl Stone Soup version 0.31-a0-202-g547052bce9 (webtiles) character file.

Game seed: 13503362260615600

217 qw the Skirmisher (level 5, -2/29 HPs)
             Began as a Deep Elf Hunter on June 26, 2023.
             Slain by a hobgoblin (6 damage)
             ... led by Robin
             ... on level 2 of the Dungeon.
             The game lasted 00:00:27 (778 turns).

qw the Skirmisher (Deep Elf Hunter)                  Turns: 778, Time: 00:00:28

Health: -2/29      AC:  4    Str: 10      XL:     5   Next: 62%
Magic:  7/7        EV: 12    Int: 14      God:
Gold:   68         SH:  0    Dex: 17 (18) Spells: 4/4 levels left

rFire   . . .        Y - +0 shortbow
rCold   . . .        (shield currently unavailable)
rNeg    . . .        c - +0 leather armour
rPois   .            (no helmet)
rElec   .            (no cloak)
rCorr   .            (no gloves)
SInv    .            d - +0 pair of boots
Will    .....        (no amulet)
Stlth   ++           (no ring)
HPRegen 0.24/turn    (no ring)
MPRegen 0.10/turn

%: no passive effects
@: no status effects
A: no striking features
a: no special abilities


You were on level 2 of the Dungeon.
You visited 1 branch of the dungeon, and saw 2 of its levels.

You collected 68 gold pieces.


   Skills:
 - Level 1.6 Fighting
 - Level 9.0 Ranged Weapons
 + Level 2.7 Dodging
 - Level 1.2 Stealth


You had 4 spell levels left.
You didn't know any spells.
Your spell library was empty.

Inventory:

Hand Weapons
 Y - a +0 shortbow (weapon)
Armour
 c - a +0 leather armour (worn)
 d - a +0 pair of boots (worn)
 f - a +0 helmet
Scrolls
 a - 2 scrolls of identify
Potions
 b - a potion of curing {unknown}
 e - a potion of invisibility {unknown}
 g - a potion of enlightenment {unknown}
 i - a potion of might
 j - a potion of berserk rage {unknown}

Dungeon Overview and Level Annotations

Branches:
Dungeon (2/15)

Altars:


Message History

Robin throws the goblin at you! The goblin closely misses you.
A hobgoblin comes into view.
The goblin hits you but does no damage.
You shoot an arrow. The arrow hits the goblin.
You kill the goblin!
Robin throws the goblin at you! The goblin barely misses you.
The goblin hits you with a +0 club.
You feel your dexterity returning.
You shoot an arrow. The arrow hits the goblin!
You kill the goblin!
The goblin hits you but does no damage.
You shoot an arrow. The arrow closely misses the goblin.
The goblin hits you with a +0 club.
You shoot an arrow. The arrow hits Robin!
Robin is heavily wounded.
The goblin misses you.
You shoot an arrow. The arrow barely misses Robin.
Robin hits you with a +0 club. The goblin closely misses you.
You shoot an arrow. The arrow completely misses Robin.
The goblin hits you with a +0 club.
Robin roars a battlecry!
The goblins go into a battle-frenzy!
The hobgoblin hits you.
You shoot an arrow. The arrow hits Robin.
Robin is almost dead.
The hobgoblin closely misses you. The goblin hits you but does no damage.
Robin hits you but does no damage. The hobgoblin misses you.
You shoot an arrow. The arrow hits Robin.
Robin is almost dead.
The hobgoblin hits you. The goblin barely misses you. Robin barely misses you.
The hobgoblin barely misses you.
You shoot an arrow. The arrow hits Robin.
You kill Robin!
The hobgoblin hits you. The hobgoblin misses you.
The goblin hits you but does no damage.
You shoot an arrow. The arrow barely misses the hobgoblin.
The arrow hits the goblin!
You kill the goblin!
The goblin hits you with a +0 club. The hobgoblin hits you.
You die...

###.##..# #..# ##......#
#..# ##..##.## #..#
##..##.####..##
##............##
.......###.....##
......###.......## #
#...#.##.......gg###g...
.......+.......)@gg.g...
....#.##.......))###g...
#...#.###.......## #
..#.#.# ##.....##
......# ##...## ....###
##+## ##### #.# ######
#.# ...#.## ##.##


You could see 3 hobgoblins and 4 goblins.

Vanquished Creatures
  Sigmund (D:2)
  Robin (D:2)
  An adder (D:2)
  2 dart slugs (D:1)
  5 ball pythons
  5 bats (D:1)
  7 endoplasms
  9 goblins
  2 hobgoblins (D:1)
  5 kobolds
  A quokka (D:1)
  A frilled lizard (D:1)
  2 rats (D:1)
42 creatures vanquished.

Notes
Turn   | Place    | Note
-------+----------+-------------------------------------------
     0 | D:1      | qw the Deep Elf Hunter began the quest for the Orb.
     0 | D:1      | Reached XP level 1. HP: 12/12 MP: 3/3
     0 | D:1      | 0 ||| qw: Version: 0.3-a-22-g0ed2b0b
     0 | D:1      | 0 ||| qw: Game counter: 5971
     0 | D:1      | 0 ||| qw: Melee chars always use a shield: true
     0 | D:1      | 0 ||| qw: God list: Okawaru
     0 | D:1      | 0 ||| qw: Allow faded altars: false
     0 | D:1      | 0 ||| qw: Do Orc after clearing Dungeon:15 true
     0 | D:1      | 0 ||| qw: Do second Lair branch before Depths: true
     0 | D:1      | 0 ||| qw: Lair rune preference: random
     0 | D:1      | 0 ||| qw: Goals: Normal
     0 | D:1      | 0 ||| PLANNING D:1-11
    46 | D:1      | Reached XP level 2. HP: 16/16 MP: 4/4
    49 | D:1      | Reached skill level 6 in Ranged Weapons
   206 | D:1      | Reached XP level 3. HP: 17/20 MP: 5/5
   345 | D:1      | 345 ||| FLEEEEING.
   346 | D:1      | 346 ||| FLEEEEING.
   348 | D:1      | 348 ||| FLEEEEING.
   349 | D:1      | 349 ||| FLEEEEING.
   350 | D:1      | 350 ||| FLEEEEING.
   512 | D:1      | 512 ||| UPGRADING to +0 pair of boots.
   517 | D:1      | 517 ||| READING 2 scrolls labelled GETUOS DEILIO.
   518 | D:1      | 518 ||| DRINKING 3 metallic clear potions.
   519 | D:1      | 519 ||| DRINKING 2 cyan potions.
   520 | D:1      | 520 ||| DROPPING scroll of butterflies.
   521 | D:1      | 521 ||| DROPPING 2 potions of degeneration.
   551 | D:2      | Reached skill level 7 in Ranged Weapons
   629 | D:2      | Noticed Sigmund
   648 | D:2      | Killed Sigmund
   649 | D:2      | Reached skill level 9 in Ranged Weapons
   649 | D:2      | Reached XP level 4. HP: 25/25 MP: 6/6
   649 | D:2      | Reached XP level 5. HP: 29/29 MP: 7/7
   766 | D:2      | Noticed Robin
   777 | D:2      | Killed Robin
   777 | D:2      | HP: 6/29 [hobgoblin[Robin] (6)]
   778 | D:2      | Slain by a hobgoblin

Levels and vault maps discovered:
D:1:      scummos_arrival_hexagon, layout_basic, chequers_serial_rivers_room_a
D:2:      layout_loops_corners, serial_shops, nicolae_shop_window_shopping,
          shapermc_ecumenical_altar_hornbeckon, minmay_stone_trees_small,
          uniq_robin, uniq_sigmund

Skill      XL: |  1  2  3 |
---------------+----------+-----
Ranged Weapons | 6 9 |  9.0
Fighting       | |  1.6
Dodging        | |  2.7
Stealth        | |  1.2

Action                     |  1- 3 |  4- 6 || total
---------------------------+-------+-------++-------
   Fire: Shortbow          |    99 |    15 ||   114
    Use: Potion            |     2 |       ||     2
         Scroll            |     1 |       ||     1
 Armour: Leather armour    |     4 |     7 ||    11
  Dodge: Dodged            |    19 |    11 ||    30

Table legend:
 A = Non-vault XP
 B = Vault XP
 C = Vault XP percentage of total XP
 D = Non-vault monster count
 E = Vault monster count
 F = Vault count percentage of total count
                 A         B        C        D         E       F
            +---------+---------+-------+---------+---------+-------
      Total |      78 |     235 |  75.1 |      37 |       5 |  11.9
            +---------+---------+-------+---------+---------+-------
        D:1 |      56 |       0 |   0.0 |      30 |       0 |   0.0
        D:2 |      22 |     235 |  91.4 |       7 |       5 |  41.7
            +---------+---------+-------+---------+---------+-------
